Map: 16-Bit LE

Players

AVP - Winner!

  • Race: Zerg Zerg
  • League: Master
  • Spawn Location: 7:00

erikmaster

  • Race: Protoss Protoss
  • League: Diamond
  • Spawn Location: 1:00

VOD

Have the link to the VOD?

Description

Time

  • Played on: June 3, 2018, 2:49 p.m.
  • Length: 7:56
Show
View Real Time Build Order
Export as new Build Order

AVP Zerg - Winner!

Build Orders: Hatch First, Roach Nydus 

Get SALT Encoding   

  12  0:02  Drone  
  13  0:13  Overlord  
  13  0:18  Drone  
  14  0:31  Drone x2  
  16  0:37  Drone  
  17  0:50  Drone  
  18  1:09  Drone x2  
  20  1:11  Hatchery  
  20  1:15  Extractor  
  18  1:21  Spawning Pool  
  18  1:24  Drone  
  18  1:31  Drone  
  19  2:00  Drone x2  
  21  2:12  Overlord  
  21  2:22  Queen  
  21  2:23  Drone x2  
  21  2:24  Drone  
  21  2:25  Queen  
  28  2:43  Zergling x4  
  30  2:58  Pneumatized Carapace  
  30  3:00  Overlord x2  
  30  3:01  Drone x2  
  32  3:22  Drone x4  
  36  3:29  Roach Warren  
  36  3:30  Extractor  
  36  3:32  Extractor  
  36  3:33  Drone x2  
  36  3:34  Drone x3, Extractor  
  34  3:36  Drone x3  
  40  3:50  Lair  
  40  4:04  Hatchery  
  40  4:09  Drone x4  
  43  4:10  Drone  
  43  4:11  Spore Crawler  
  43  4:13  Spore Crawler  
  42  4:18  Queen  
  44  4:31  Overlord x2  
  44  4:32  Overlord x2  
  44  4:54  Roach x6  
  56  5:05  Nydus Network  
  55  5:12  Roach x2  
  55  5:37  Roach x7  
  69  5:47  Roach  
  71  5:50  Drone x2  
  73  6:09  Nydus Canal  
  73  6:12  Overseer  
  73  6:16  Overlord x3  
  73  6:17  Overlord  
  73  6:34  Queen x2  
  77  6:41  Queen  
  77  6:45  Roach x7  
  89  7:01  Roach x2  
  89  7:02  Roach x2  
  85  7:43  Nydus Canal  
Show
View Real Time Build Order
Export as new Build Order

erikmaster Protoss 

Build Orders: 1 Gate Expand, Oracle Opening 

Get SALT Encoding   

  12  0:00  Probe  
  13  0:08  Probe  
  14  0:19  Probe  
  14  0:21  Pylon  
  15  0:39  Probe  
  15  0:41  Gateway  
  16  0:46  Assimilator  
  16  0:50  Probe  
  17  0:58  Probe  
  18  1:06  Probe  
  19  1:17  Probe  
  20  1:29  Probe  
  21  1:33  Nexus  
  21  1:43  Cybernetics Core  
  21  1:50  Assimilator  
  21  1:51  Probe  
  22  1:58  Pylon  
  22  2:03  Probe  
  23  2:14  Stalker  
  23  2:16  Probe  
  23  2:20  Warp Gate  
  24  2:28  Probe  
  27  2:40  Probe, Adept  
  30  2:51  Stargate  
  30  2:53  Probe  
  31  3:00  Probe  
  31  3:01  Gateway  
  32  3:05  Probe  
  32  3:12  Probe, Adept  
  34  3:17  Probe  
  37  3:21  Shield Battery  
  37  3:24  Probe  
  38  3:29  Oracle  
  38  3:30  Probe  
  39  3:36  Probe  
  42  3:43  Probe  
  44  3:48  Probe  
  44  3:50  Pylon  
  44  3:56  Probe  
  44  3:58  Oracle  
  44  4:00  Probe  
  46  4:05  Pylon  
  49  4:14  Nexus  
  49  4:15  Probe  
  49  4:16  Probe  
  51  4:20  Assimilator  
  51  4:24  Assimilator  
  51  4:27  Probe  
  51  4:29  Pylon  
  52  4:46  Probe x2  
  54  4:57  Gateway  
  54  5:00  Probe x2  
  54  5:01  Gateway  
  54  5:04  Pylon, Gateway  
  56  5:08  Probe x2  
  56  5:12  Pylon  
  58  5:31  Stargate  
  58  5:38  Fleet Beacon  
  58  5:40  Forge  
  58  5:41  Probe x2, Pylon  
  58  5:45  Probe  
  58  5:46  Pylon, Assimilator  
  58  5:49  Probe  
  61  5:50  Probe, Assimilator  
  63  5:57  Probe  
  63  6:00  Pylon  
  63  6:02  Pylon  
  63  6:03  Adept x2  
  68  6:04  Pylon  
  68  6:10  Probe x2  
  70  6:11  Stalker  
  72  6:32  Zealot x4  
  79  6:37  Void Ray x2  
  69  6:46  Stalker  
  48  6:57  Zealot x2  
  44  7:10  Void Ray  
  44  7:14  Stalker x2  
  48  7:15  Sentry  
  47  7:36  Probe  
Tags
 
Add a new tag
Caveats
  • Supply blocks, unpowered buildings, or Contaminate may cause inaccurate times.
  • Supply counts are checked every 10 seconds.